AoeStats
← Hamza Khan

Fortress

507782308Analyzed
4v4 RM · 14d ago on Sep 19, 2026· 52m 25s· 8 players
Game mode
Random Map
Map size
Huge
Population
200
Speed
Normal
Resources
Standard
Victory
Conquest
Starting age
Dark Age
Ending age
Imperial Age
RankedLock teamsTeams togetherTeam positionsShared explorationLock speedFull tech treeHidden civsTurbo modeCheats
Victory
Defeat
🇺🇸 Persians · United States
995
+11
🇺🇸 Lithuanians · United States
977
+12
🇨🇭 Japanese · Switzerland
970
+12
🇳🇴 Bohemians · Norway
772
+20
🇸🇪 Burgundians · Sweden
932
-16
🇺🇸 Khmer · United States
876
-14
🇨🇷 Malians · Costa Rica
876
-14
🇲🇽 Britons · Mexico
810
-11
mandalvarado
2:03 Loom
5:24 Loom
7:48 Feudal Age
6:13 Loom
8:25 Double-Bit Axe
15:05 Castle Age
18:17 Gold Mining
18:18 Stone Mining
18:25 Stone Mining
18:20 Horse Collar
18:53 Man-at-Arms
20:46 Gold Shaft Mining
20:46 Stone Shaft Mining
21:07 Bow Saw
30:29 Imperial Age
28:54 Wheelbarrow
28:52 Forging
28:43 Scale Mail Armor
28:47 Squires
28:32 Arson
29:19 Long Swordsman
29:20 Pikeman
30:54 Bloodlines
30:44 Husbandry
30:32 Two-Handed Swordsman
32:29 Chemistry
31:50 Ballistics
30:56 Capped Ram
32:08 Hand Cart
32:02 Caravan
32:00 Champion
33:48 Heavy Plow
34:10 Heavy Camel Rider
35:39 Iron Casting
35:20 Chain Mail Armor
35:10 Scale Barding Armor
37:05 Scale Barding Armor
45:33 Cavalier
45:45 Capped Ram
47:20 Chain Barding Armor
47:11 Farimba
46:32 Elite Gbeto
wigfunk
1:24 Loom
8:17 Feudal Age
17:49 Castle Age
19:04 Wheelbarrow
18:16 Double-Bit Axe
26:40 Town Watch
27:32 Bow Saw
27:50 Elite Skirmisher
28:54 Fletching
29:05 Padded Archer Armor
31:19 Horse Collar
33:27 Bodkin Arrow
33:47 Leather Archer Armor
33:48 Treadmill Crane
34:29 Ballistics
34:49 Town Patrol
35:23 Caravan
35:03 Crossbowman
39:41 Imperial Age
37:29 Hand Cart
37:36 Hand Cart
38:29 Yeomen
38:13 Scale Mail Armor
38:07 Guard Tower
40:09 Cavalier
40:49 Husbandry
40:14 Pikeman
40:54 Squires
40:40 Arson
41:09 Warwolf
41:11 Bracer
41:41 Ring Archer Armor
41:35 Conscription
42:12 Warwolf
41:34 Elite Longbowman
42:23 Warwolf
41:44 Elite Longbowman
42:41 Chain Mail Armor
44:32 Two-Man Saw
44:31 Hoardings
43:20 Halberdier
46:56 Forging
112143
11:26 Feudal Age
14:15 Castle Age
12:19 Horse Collar
12:27 Double-Bit Axe
14:54 Wheelbarrow
16:21 Bow Saw
16:14 Heavy Plow
19:57 Gold Mining
21:46 Hand Cart
24:40 Gold Shaft Mining
23:58 Stone Mining
25:20 Caravan
30:37 Imperial Age
27:57 Town Watch
27:58 Loom
30:35 Fortified Wall
30:47 Ballistics
30:38 Masonry
30:32 Scale Mail Armor
30:42 Forging
30:38 Scale Barding Armor
30:24 Fletching
33:24 Chain Mail Armor
33:44 Iron Casting
33:30 Chain Barding Armor
34:15 Chemistry
33:21 Siege Engineers
33:18 Double Crossbow
33:39 Conscription
32:45 Heavy Scorpion
32:52 Light Cavalry
33:43 Bloodlines
33:33 Husbandry
33:23 Capped Ram
34:38 Architecture
33:33 Pikeman
34:24 Town Patrol
35:24 Hussar
37:06 Blast Furnace
36:02 Bodkin Arrow
38:17 Crop Rotation
37:45 Halberdier
Hamza Khan
0:42 Loom
9:07 Feudal Age
7:54 Double-Bit Axe
8:20 Horse Collar
10:08 Wheelbarrow
10:30 Bow Saw
11:23 Heavy Plow
16:04 Castle Age
14:54 Hand Cart
14:45 Stone Mining
14:50 Gold Mining
16:46 Stone Shaft Mining
16:49 Gold Shaft Mining
23:41 Imperial Age
22:58 Two-Man Saw
25:01 Crop Rotation
25:19 Conscription
30:29 Pikeman
31:10 Squires
30:56 Arson
32:34 Chemistry
31:04 Elite Skirmisher
32:42 Fortified Wall
32:41 Caravan
34:18 Town Watch
34:24 Halberdier
44:56 Town Patrol
44:38 Treadmill Crane
47:18 Guard Tower
47:24 Murder Holes
47:40 Masonry
47:41 Padded Archer Armor
47:45 Fletching
48:09 Forging
50:25 Leather Archer Armor
50:06 Bodkin Arrow
53:03 Iron Casting
52:35 Scale Barding Armor
52:31 Scale Mail Armor
I THS I
8:28 Feudal Age
9:13 Double-Bit Axe
12:30 Castle Age
12:02 Horse Collar
15:15 Heavy Plow
15:20 Loom
21:03 Wheelbarrow
25:02 Hand Cart
26:15 Gold Mining
26:38 Stone Mining
28:02 Fletching
28:13 Padded Archer Armor
31:03 Imperial Age
29:09 Bodkin Arrow
29:20 Scale Barding Armor
29:41 Forging
30:07 Scale Mail Armor
30:23 Leather Archer Armor
31:12 Iron Casting
30:58 Chain Barding Armor
31:43 Chain Mail Armor
31:59 Ring Archer Armor
31:51 Ballistics
32:20 Conscription
32:01 Kamandaran
33:47 Plate Barding Armor
34:12 Blast Furnace
33:43 Plate Mail Armor
33:11 Murder Holes
34:18 Chemistry
35:14 Elite War Elephant
38:35 Heavy Scorpion
50:31 Light Cavalry
51:13 Husbandry
52:09 Hussar
53:00 Bloodlines
HowManyMustDie
7:42 Feudal Age
12:37 Castle Age
10:51 Double-Bit Axe
11:05 Horse Collar
13:29 Bow Saw
14:08 Heavy Plow
15:45 Wheelbarrow
15:55 Wheelbarrow
16:03 Sanctity
15:56 Fervor
17:44 Loom
20:10 Hand Cart
22:29 Stone Mining
22:31 Gold Mining
24:55 Stone Shaft Mining
30:04 Imperial Age
29:17 Treadmill Crane
30:02 Fletching
30:13 Murder Holes
31:56 Light Cavalry
32:47 Bloodlines
32:37 Husbandry
31:59 Cavalier
33:03 Scale Barding Armor
32:54 Bodkin Arrow
34:02 Two-Man Saw
33:41 Crop Rotation
33:46 Winged Hussar
34:59 Chain Barding Armor
34:41 Bracer
34:45 Padded Archer Armor
34:59 Caravan
35:30 Coinage
35:13 Guilds
35:08 Cavalier
36:19 Conscription
36:52 Tower Shields
37:37 Plate Barding Armor
37:18 Leather Archer Armor
36:29 Paladin
36:46 Elite Skirmisher
38:46 Elite Leitis
40:28 Crossbowman
42:06 Thumb Ring
52:07 Banking
kris10an
18:04 Feudal Age
22:05 Castle Age
20:01 Double-Bit Axe
19:58 Horse Collar
22:07 Wheelbarrow
30:37 Bow Saw
31:44 Town Watch
33:16 Hand Cart
35:46 Wagenburg Tactics
37:25 Chemistry
36:48 Ballistics
36:41 Fortified Wall
36:57 Ballistics
36:38 Murder Holes
39:52 Imperial Age
41:48 Pikeman
42:30 Squires
43:10 Scale Mail Armor
43:21 Forging
43:49 Halberdier
ALDANDRONAN
0:56 Loom
8:19 Feudal Age
9:27 Town Watch
13:31 Castle Age
11:44 Horse Collar
12:11 Double-Bit Axe
13:00 Gold Mining
14:58 Bow Saw
15:24 Heavy Plow
18:07 Wheelbarrow
22:54 Fletching
25:49 Hand Cart
28:14 Imperial Age
26:24 Masonry
26:10 Stone Mining
26:56 Scale Mail Armor
27:30 Bodkin Arrow
28:00 Forging
28:35 Ballistics
29:07 Chain Mail Armor
29:24 Conscription
29:50 Iron Casting
30:30 Chemistry
29:12 Treadmill Crane
30:03 Squires
29:49 Gambesons
29:50 Arson
31:46 Plate Mail Armor
30:39 Pikeman
32:28 Blast Furnace
32:00 Halberdier
35:04 Two-Man Saw
35:13 Town Patrol
35:22 Padded Archer Armor
37:15 Leather Archer Armor
36:44 Capped Ram
41:54 Hoardings
42:32 Caravan
43:04 Coinage
45:18 Banking
46:27 Gold Shaft Mining
45:25 Elite Samurai
48:03 Ring Archer Armor
47:34 Bracer
47:15 Elite Skirmisher
48:00 Thumb Ring
48:19 Scale Barding Armor
49:38 Kataparuto
49:20 Yasama
49:21 Murder Holes
49:32 Siege Engineers
49:18 Guard Tower
51:41 Onager
Connection lost

Rejoining the realm…

Still unreachable

The connection could not be restored.

Session expired

The server has moved on; the page needs a fresh start.